 Dungeon Crawl Stone Soup version 0.31.0-9-g3a7656b989 (webtiles) character file.

Game seed: 16701448547595268176

27 qw the Shooter (level 2, -7/16 HPs)
             Began as a Deep Elf Hunter on Feb 2, 2024.
             Mangled by a gnoll
             ... wielding a +0 halberd
              (9 damage)
             ... on level 2 of the Dungeon.
             The game lasted 00:00:02 (1017 turns).

qw the Shooter (Deep Elf Hunter)                    Turns: 1017, Time: 00:00:03

Health: -7/16      AC:  3    Str:  8    XL:     2   Next: 93%
Magic:  4/4        EV: 12    Int: 13    God:
Gold:   57         SH:  0    Dex: 18    Spells: 1/1 levels left

rFire   . . .        a - +0 shortbow
rCold   . . .        (shield currently unavailable)
rNeg    . . .        c - +0 leather armour
rPois   .            (no helmet)
rElec   .            (no cloak)
rCorr   .            (no gloves)
SInv    .            (no boots)
Will    .....        (no amulet)
Stlth   ++           i - +4 ring of slaying {mikee}
HPRegen 0.22/turn    (no ring)
MPRegen 0.09/turn

%: no passive effects
@: no status effects
A: no striking features
a: no special abilities


You were on level 2 of the Dungeon.
You visited 1 branch of the dungeon, and saw 2 of its levels.

You collected 57 gold pieces.


   Skills:
 - Level 1.5 Fighting
 + Level 6.6 Ranged Weapons
 - Level 2.4 Dodging
 - Level 1.2 Stealth


You had one spell level left.
You didn't know any spells.
Your spell library was empty.

Inventory:

Hand Weapons
 a - a +0 shortbow (weapon)
Armour
 c - a +0 leather armour (worn)
Jewellery
 i - a +4 ring of slaying (left hand) {mikee}
Potions
 b - 2 potions of haste {unknown}
 d - a potion of might
 f - a potion of curing {unknown}

Dungeon Overview and Level Annotations

Branches:
Dungeon (2/15)

Altars:


Message History

Waypoint 1 assigned to D:2.
You shoot an arrow. The arrow hits the goblin!
You kill the goblin!
Found a stone staircase leading down.
You see here a +0 leather armour.
b - 2 purple potions A dart slug comes into view.
You shoot an arrow. The arrow hits the dart slug.
The dart slug is moderately wounded.
You shoot an arrow. The arrow hits the dart slug.
The dart slug is severely wounded.
You shoot an arrow. The arrow hits the dart slug!
You kill the dart slug!
A ball python comes into view.
You shoot an arrow. The arrow hits the ball python!
You kill the ball python!
A gnoll comes into view. It is wielding a +0 halberd.
You shoot an arrow. The arrow hits the gnoll.
The gnoll shouts!
The gnoll is moderately wounded.
You hear an angry hiss.
A gnoll comes into view. It is wielding a +0 halberd. x2
1010 ||| RETREEEEATING.
The gnoll shouts!
An adder comes into view.
1011 ||| RETREEEEATING.
A quokka comes into view.
1012 ||| RETREEEEATING.
1013 ||| RETREEEEATING.
The gnoll hits you from afar with a +0 halberd.
The gnoll hits you from afar with a +0 halberd!
Ouch! That really hurt!
1014 ||| RETREEEEATING.
1015 ||| RETREEEEATING.
The gnoll completely misses you. The gnoll barely misses you. x2
1016 ||| RETREEEEATING.
The gnoll barely misses you.
1017 ||| RETREEEEATING.
The gnoll hits you with a +0 halberd!
Ouch! That really hurt!
You die...

## # #. #.#.# ... # #.#
# .. ##### ##>####
####.#####g.....
......###.....%.@gSr....
..........#####.##g...##
##.##.##..#####.# .###
##...........##.# ..
.#....###.##.##.# ..
......# #.......# ##
##....# ###.#####
...#### #.# ##.# #.#


You could see 3 gnolls, an adder and a quokka.

Vanquished Creatures
  3 dart slugs
  2 endoplasms (D:1)
  5 goblins
  A hobgoblin (D:1)
  3 jackals (D:1)
  A quokka (D:1)
  3 ball pythons
18 creatures vanquished.

Notes
Turn   | Place    | Note
-------+----------+-------------------------------------------
     0 | D:1      | qw the Deep Elf Hunter began the quest for the Orb.
     0 | D:1      | Reached XP level 1. HP: 12/12 MP: 3/3
     0 | D:1      | 0 ||| qw: Version: 0.3-a-155-g5e7d8dd
     0 | D:1      | 0 ||| qw: Game counter: 1309
     0 | D:1      | 0 ||| qw: Melee chars always use a shield: true
     0 | D:1      | 0 ||| qw: God list: Okawaru
     0 | D:1      | 0 ||| qw: Allow faded altars: false
     0 | D:1      | 0 ||| qw: Do Orc after clearing Dungeon:15 true
     0 | D:1      | 0 ||| qw: Do second Lair branch before Depths: true
     0 | D:1      | 0 ||| qw: Lair rune preference: random
     0 | D:1      | 0 ||| qw: Goals: Normal
     0 | D:1      | 0 ||| PLANNING D:1-11
    64 | D:1      | Found a faded altar of an unknown god.
    82 | D:1      | Reached XP level 2. HP: 16/16 MP: 4/4
    86 | D:1      | Reached skill level 6 in Ranged Weapons
   891 | D:1      | 891 ||| DROPPING scarf of harm.
   892 | D:1      | 892 ||| UPGRADING to +4 ring of slaying {mikee}.
   893 | D:1      | 893 ||| READING scroll labelled RUUNYNA TOTY.
   894 | D:1      | 894 ||| READING scroll labelled YFA GIDGHITZ.
   895 | D:1      | 895 ||| DRINKING 2 white potions.
   896 | D:1      | 896 ||| DROPPING scroll of butterflies.
  1010 | D:2      | 1010 ||| RETREEEEATING.
  1011 | D:2      | 1011 ||| RETREEEEATING.
  1012 | D:2      | 1012 ||| RETREEEEATING.
  1013 | D:2      | 1013 ||| RETREEEEATING.
  1013 | D:2      | HP: 2/16 [gnoll/+0 halberd (11)]
  1014 | D:2      | 1014 ||| RETREEEEATING.
  1015 | D:2      | 1015 ||| RETREEEEATING.
  1016 | D:2      | 1016 ||| RETREEEEATING.
  1017 | D:2      | 1017 ||| RETREEEEATING.
  1017 | D:2      | Mangled by a gnoll

Levels and vault maps discovered:
D:1:      roderic_dead_forest, layout_loops_corners,
          ebering_ecumenical_altar_mist
D:2:      layout_loops_cross

Skill      XL: |  1  2 |
---------------+-------+-----
Ranged Weapons | 6 |  6.6
Fighting       | |  1.5
Dodging        | |  2.4
Stealth        | |  1.2

Action                     || total
---------------------------++-------
   Fire: Shortbow          ||    36
    Use: Scroll            ||     2
         Potion            ||     1
 Armour: Leather armour    ||     6
  Dodge: Dodged            ||     6

Table legend:
 A = Non-vault XP
 B = Vault XP
 C = Vault XP percentage of total XP
 D = Non-vault monster count
 E = Vault monster count
 F = Vault count percentage of total count
                 A         B        C        D         E       F
            +---------+---------+-------+---------+---------+-------
      Total |      39 |       0 |   0.0 |      18 |       0 |   0.0
            +---------+---------+-------+---------+---------+-------
        D:1 |      32 |       0 |   0.0 |      15 |       0 |   0.0
        D:2 |       7 |       0 |   0.0 |       3 |       0 |   0.0
            +---------+---------+-------+---------+---------+-------
